 Dungeon Crawl Stone Soup version 0.31.0-32-g396128a36d (webtiles) character file.

Game seed: 3997816056552175122

382551 James the Bringer of Life (level 22, -5/181 HPs)
             Began as a Gnoll Wanderer on Mar 23, 2024.
             Was the Champion of Elyvilon.
             Slain by a storm dragon (6 damage)
             ... while petrified by a living spell
             ... on level 2 of the Depths on Mar 24, 2024.
             The game lasted 04:38:28 (71604 turns).

James the Bringer of Life (Gnoll Wanderer)         Turns: 71604, Time: 04:38:29

Health: -5/181     AC: 27    Str: 19    XL:     22   Next: 92%
Magic:  23/41      EV:  2    Int: 18    God:    Elyvilon [******]
Gold:   1873       SH:  0    Dex: 19    Spells: 13/52 levels left

rFire   + + .        a - +11 Screaming Sword {sonic wave}
rCold   . . .        f - +2 tower shield of Mysticism {^Contam rF++}
rNeg    + + +        T - +1 swamp dragon scales
rPois   ∞            r - +2 helmet
rElec   .            t - +2 cloak of Juvuat {rN+ Str-4 Int+2 SInv}
rCorr   .            g - +2 pair of gloves
SInv    +            O - +2 pair of boots
Will    ++...        L - amulet of reflection
Stlth   ++++++       h - ring of Balance {Str+3 Int+6}
HPRegen 0.50/turn    U - ring of Descent {Will+ Str+3}
MPRegen 0.27/turn

%: reflection
@: petrified, afraid, studying 2 skills
A: fangs 1, strong nose, distributed training
}: 2/15 runes: barnacled, gossamer
a: Renounce Religion, Purification, Heal Other, Heal Self, Divine Vigour


You were on level 2 of the Depths.
You worshipped Elyvilon.
Elyvilon was exalted by your worship.
You visited 9 branches of the dungeon, and saw 40 of its levels.
You visited 1 bazaar.
You also visited: Sewer, Volcano and Wizlab.

You collected 7001 gold pieces.
You spent 5128 gold pieces at shops.

Inventory:

Hand Weapons
 a - the +11 Screaming Sword (weapon) {sonic wave}
   (You found it on level 6 of the Dungeon)
 b - a +3 hand cannon of freezing
   (You bought it in a shop in a bazaar)
 Z - a +4 scimitar of flaming
   (You took it off an efreet on level 15 of the Dungeon)
Missiles
 d - 3 curare-tipped darts {!f}
 q - 3 throwing nets {!f}
 Q - 6 atropa-tipped darts
 Y - 2 silver javelins
Armour
 f - the +2 tower shield of Mysticism (worn) {^Contam rF++}
   (You acquired it in a bazaar)

   rF++:      It greatly protects you from fire.
   ^Contam:   It causes magical contamination when unequipped.
 g - a +2 pair of gloves (worn)
   (You bought it in a shop in a bazaar)
 p - the +1 cloak of Starlight {*Dazzle EV+4 Stlth--}
   (You found it in a wizard's laboratory)

   *Dazzle:   It may blind those who miss an attack against the wearer in melee
   combat.
   EV+4:      It affects your evasion (+4).
   Stlth--:   It makes you much less stealthy.
 r - a +2 helmet (worn)
   (You took it off Robin on level 3 of the Dungeon)
 t - the +2 cloak of Juvuat (worn) {rN+ Str-4 Int+2 SInv}
   (You bought it in a shop in a bazaar)

   Str-4:     It affects your strength (-4).
   Int+2:     It affects your intelligence (+2).
   rN+:       It protects you from negative energy.
   SInv:      It lets you see invisible.
 O - a +2 pair of boots (worn)
   (You found it on level 13 of the Dungeon)
 T - +1 swamp dragon scales (worn)
   (You took it off Maggie on level 6 of the Dungeon)
Jewellery
 h - the ring of Balance (left hand) {Str+3 Int+6}
   (You found it on level 4 of the Shoals)

   [ring of intelligence]

   Str+3:     It affects your strength (+3).
   Int+6:     It affects your intelligence (+6).
 o - a ring of protection from cold
   (You took it off a deep elf archer on level 3 of the Elven Halls)
 z - a ring of see invisible
   (You found it on level 13 of the Dungeon)
 B - a ring of resist corrosion
   (You found it on level 3 of the Dungeon)
 I - a ring of flight
   (You found it on level 2 of the Lair of Beasts)
 L - an amulet of reflection (around neck)
   (You found it on level 3 of the Lair of Beasts)
 U - the ring of Descent (right hand) {Will+ Str+3}
   (You found it in a sewer)

   [ring of willpower]

   Str+3:     It affects your strength (+3).
   Will+:     It increases your willpower.
Wands
 i - a wand of roots (20)
   (You found it on level 2 of the Spider Nest)
 u - a wand of paralysis (25)
   (You found it on level 1 of the Shoals)
 v - a wand of digging (13)
   (You found it on level 4 of the Lair of Beasts)
 x - a wand of acid (5)
   (You found it on level 3 of the Elven Halls)
 K - a wand of polymorph (49)
   (You found it on level 6 of the Dungeon)
 S - a wand of mindburst (18)
   (You found it on level 5 of the Lair of Beasts)
Scrolls
 e - 3 scrolls of butterflies
 m - 5 scrolls of revelation
 n - 2 scrolls of silence
 D - 11 scrolls of vulnerability {!r}
 E - 10 scrolls of immolation {!r}
 F - 5 scrolls of fog
 G - 9 scrolls of fear
 M - 5 scrolls of blinking
 W - 18 scrolls of teleportation {@r4}
Potions
 c - 4 potions of brilliance
 j - a potion of resistance
 k - 13 potions of heal wounds {@q2}
 l - 5 potions of mutation {!q}
 s - 15 potions of curing {@q1}
 w - 8 potions of haste {@q3}
 A - 6 potions of invisibility
 C - 5 potions of might
 H - 5 potions of cancellation
 J - 7 potions of berserk rage
 P - a potion of magic
 R - 2 potions of enlightenment
Miscellaneous
 y - a phial of floods
   (You found it on level 5 of the Lair of Beasts)
 N - a tin of tremorstones (2/2)
   (You found it on level 5 of the Lair of Beasts)
 V - a box of beasts
   (You found it on level 4 of the Vaults)
 X - a lightning rod (4/4) {!a}
   (You found it on level 4 of the Shoals)


   Skills:
 + Level 17.0 Fighting
 + Level 15.8 Short Blades
 + Level 16.4 Long Blades
 + Level 15.8 Axes
 + Level 15.8 Maces & Flails
 + Level 15.8 Polearms
 + Level 15.8 Staves
 + Level 15.8 Ranged Weapons
 + Level 15.8 Throwing
 + Level 15.8 Armour
 + Level 18.5 Dodging
 + Level 15.8 Stealth
 + Level 15.8 Shields
 + Level 15.8 Unarmed Combat
 + Level 15.8 Spellcasting
 + Level 13.5 Conjurations
 + Level 13.5 Hexes
 + Level 13.5 Summonings
 + Level 13.5 Necromancy
 + Level 14.1 Translocations
 + Level 13.5 Fire Magic
 + Level 13.5 Ice Magic
 + Level 13.5 Air Magic
 + Level 13.5 Earth Magic
 + Level 13.5 Alchemy
 + Level 20.9 Invocations
 + Level 15.8 Evocations
 + Level 14.6 Shapeshifting


You had 13 spell levels left.
You knew the following spells:

 Your Spells              Type           Power      Damage    Failure   Level
a - Lesser Beckoning      Tloc           100%       N/A       1%          2
b - Blink                 Tloc           100%       N/A       1%          2
c - Yara's Violent Unrav  Hex/Alch       29%        3d12      1%          5
d - Metabolic Englaciati  Hex/Ice        29%        N/A       1%          5
e - Ignite Poison         Fire/Alch      58%        N/A       1%          4
f - Mephitic Cloud        Conj/Alch/Air  58%        N/A       1%          3
q - Passwall              Erth           58%        N/A       1%          3
s - Swiftness             Air            58%        N/A       1%          3
v - Passage of Golubria   Tloc           60%        N/A       1%          4
x - Iskenderun's Mystic   Conj/Tloc      59%        2d12      1%          4
z - Summon Lightning Spi  Summ/Air       58%        N/A       1%          4

Your spell library contained the following spells:

 Spells                   Type           Power      Damage    Failure   Level
 Apportation              Tloc           100%       N/A       1%          1
 Foxfire                  Conj/Fire      100%       2x1d9     1%          1
 Freeze                   Ice            100%       1d10      1%          1
 Kiss of Death            Conj/Necr      100%       2d13      1%          1
 Necrotise                Necr           100%       1d9       1%          1
 Sandblast                Erth           100%       2d20      1%          1
 Shock                    Conj/Air       100%       1d9       1%          1
 Sting                    Conj/Alch      100%       1d9       1%          1
 Summon Small Mammal      Summ           100%       N/A       1%          1
 Ensorcelled Hibernation  Hex/Ice        100%       N/A       1%          2
 Momentum Strike          Conj/Tloc      100%       3d10      1%          2
 Scorch                   Fire           100%       2d9       1%          2
 Confusing Touch          Hex            58%        N/A       1%          3
 Dazzling Flash           Conj/Hex       100%       N/A       1%          3
 Frozen Ramparts          Ice            100%       1d16      1%          3
 Gell's Gravitas          Tloc           60%        N/A       1%          3
 Hailstorm                Conj/Ice       58%        3d11      1%          3
 Ozocubu's Armour         Ice            58%        N/A       1%          3
 Summon Ice Beast         Ice/Summ       58%        N/A       1%          3
 Teleport Other           Tloc           60%        N/A       1%          3
 Tukima's Dance           Hex            58%        N/A       1%          3
 Volatile Blastmotes      Fire/Tloc      100%       2d18      1%          3
 Airstrike                Air            29%        2d(5-21)  1%          4
 Animate Armour           Summ/Erth      100%       N/A       1%          4
 Brom's Barrelling Bould  Conj/Erth      58%        2d7       1%          4
 Dimensional Bullseye     Hex/Tloc       29%        N/A       1%          4
 Dispel Undead            Necr           58%        3d21      1%          4
 Flame Wave               Conj/Fire      58%        2d14      1%          4
 Fulminant Prism          Conj/Alch      29%        3d14      1%          4
 Leda's Liquefaction      Alch/Erth      29%        N/A       1%          4
 Sticky Flame             Fire/Alch      58%        2d10      1%          4
 Summon Blazeheart Golem  Fire/Summ      58%        N/A       1%          4
 Curse of Agony           Necr           58%        N/A       1%          5
 Fireball                 Conj/Fire      29%        3d13      1%          5
 Iskenderun's Battlesphe  Conj           58%        2d11      1%          5
 Lee's Rapid Deconstruct  Erth           29%        3d15*     1%          5
 Silence                  Hex/Air        29%        N/A       1%          5
 Dispersal                Tloc           30%        N/A       8%          6
 Bombard                  Conj/Erth      29%        9d5       11%         6
 Conjure Ball Lightning   Conj/Air       29%        3x3d8     11%         6
 Plasma Beam              Fire/Air       29%        2x1d41    11%         6
 Sculpt Simulacrum        Ice/Alch       29%        N/A       11%         6
 Starburst                Conj/Fire      29%        6d9       11%         6
 Summon Cactus Giant      Summ           29%        N/A       11%         6
 Orb of Destruction       Conj           29%        9d9       50%         7
 Spellforged Servitor     Conj/Summ      29%        N/A       50%         7
 Ignition                 Fire           29%        3d9       99%         8
 Chain Lightning          Conj/Air       29%        3d38      100%        9
 Fire Storm               Conj/Fire      29%        8d7       100%        9
 Shatter                  Erth           29%        3d24*     100%        9


Dungeon Overview and Level Annotations

Branches:
Dungeon (15/15)            Temple (1/1) D:7            Lair (5/5) D:9
 Shoals (4/4) Lair:3       Spider (4/4) Lair:3        Slime (0/5) Lair:4
    Orc (2/2) D:12            Elf (3/3) Orc:2        Vaults (4/5) D:13
  Crypt (0/3) Vaults:2     Depths (2/4) D:15          Sewer (visited)
Volcano (visited)          WizLab (visited)

Altars:
Ashenzari
Cheibriados
Dithmenos
Elyvilon
Fedhas
Gozag
Hepliaklqana
Kikubaaqudgha
Makhleb
Nemelex Xobeh
Okawaru
Qazlal
Ru
Sif Muna
Trog
Uskayaw
Vehumet
Wu Jian
Xom
Yredelemnul
Zin
The Shining One
Jiyva

Shops:
D:4 !(   D:14 *:   D:15 *   Orc:1 !   Orc:2 (?:[(   Elf:2 :   Shoals:1 [*
Vaults:1 =

Portals:
Hell: Depths:1
Abyss: Depths:1
Bazaar: Vaults:3

Annotations:
Temple 2 transporters
Elf:2 3 runed translucent doors, exclusion: 3 doors
Vaults:2 3 runed translucent doors, exclusion: 3 doors, rgbqcd's ghost, veteran MiBe


Innate Abilities, Weirdness & Mutations

You have very sharp teeth.
Your uncanny sense of smell can sniff out nearby items.
Your experience applies equally to all skills.


Message History

The storm dragon bites you but does no damage.
The storm dragon claws you but does no damage.
The storm dragon tramples you but does no damage.
The spriggan rider hits you from afar with a +0 spear.
The walking earthen tome erupts in a flurry of living spells!
The spriggan defender hits you with a +0 lajatang of electrocution!
* * * LOW HITPOINT WARNING * * *
The spriggan defender hits you but does no damage.
The stone giant hits you but does no damage.
The storm dragon bites you.
* * * LOW HITPOINT WARNING * * *
The storm dragon claws you.
* * * LOW HITPOINT WARNING * * *
The storm dragon tramples you but does no damage.
The spriggan rider hits you from afar with a +0 spear!
* * * LOW HITPOINT WARNING * * *
The spriggan defender hits you with a +2 rapier of flaming!
* * * LOW HITPOINT WARNING * * *
The spriggan defender completely misses you.
The walking earthen tome hits you but does no damage.
The storm dragon bites you!
* * * LOW HITPOINT WARNING * * *
The storm dragon claws you.
The storm dragon tramples you but does no damage.
The stone giant hits you.
* * * LOW HITPOINT WARNING * * *
The spriggan defender hits you with a +2 rapier of flaming!
* * * LOW HITPOINT WARNING * * *
The spriggan defender burns you.
The spriggan defender hits you but does no damage.
You are electrocuted!
* * * LOW HITPOINT WARNING * * *
The spriggan rider hits you but does no damage.
The spriggan defender hits you but does no damage.
The spriggan defender barely misses you.
The storm dragon bites you.
* * * LOW HITPOINT WARNING * * *
The storm dragon claws you but does no damage.
The storm dragon tramples you but does no damage.
The walking earthen tome hits you!!
* * * LOW HITPOINT WARNING * * *
The stone giant hits you!
* * * LOW HITPOINT WARNING * * *
The spriggan defender hits you but does no damage.
The spriggan defender hits you with a +0 lajatang of electrocution!
* * * LOW HITPOINT WARNING * * *
The spriggan rider hits you from afar with a +0 spear!
Elyvilon protects you from harm! The storm dragon bites you!
You die...

#....#...#.....#..
#...##...#.....#..
#...##...#.....#..
#........#.....#..
#........#.....#..
#*.......#.....#..
#**.>....#.....#..
#;i*##...#......[)
#@Di##...#.....###
#CiG..[........#
#VD..[.....†...#
#...[÷.........+
#........#.....#
#.[.###.##.....#
#...#..........#
#...#..........#
#.[.'..........'.


You could see a storm dragon, a walking earthen tome, a fire dragon, a stone
giant (summoned, misshapen), 2 spriggan defenders, a spriggan rider (summoned,
misshapen), a glowing orange brain (scary, misshapen), a vampire mage (summoned)
and 4 living spells.

Vanquished Creatures
  Boris (twice) (Vaults:2 Vaults:3)
  Arachne (Spider:4)
  A tentacled monstrosity (WizLab)
  Asterion (Depths:1)
  2 deep elf blademasters (Elf:3)
  2 deep elf master archers (Elf:3)
  3 sphinxes
  Frances (Spider:1)
  An eldritch tentacle (WizLab)
  2 krakens
  2 tengu reavers
  A revenant (Vaults:2)
  3 deep elf sorcerers
  2 fire giants (Depths:1)
  Roxanne (Elf:1)
  13 vault wardens
  2 draconian shifters (WizLab)
  10 ghost moths
  A frost giant (Depths:1)
  A balrug (WizLab)
  3 emperor scorpions
  3 deep elf elementalists (Elf:3)
  2 formless jellyfish
  12 ironbound preservers
  5 very ugly things
  2 broodmothers (Spider:3)
  8 stone giants
  3 spark wasps
  5 deep elf death magi (Elf:3)
  6 deep elf demonologists
  7 ironbound thunderhulks
  A red draconian (Volcano)
  2 war gargoyles
  Nessos (D:14)
  5 deep elf annihilators (Elf:3)
  15 dire elephants
  An eidolon (Vaults:2)
  2 fire dragons
  9 merfolk impalers
  The ghost of Nykkuludd the Mimic, a journeyman OpSh of Gozag (Lair:3)
  4 crystal guardians (Vaults:4)
  9 entropy weavers
  An ice dragon (Depths:2)
  6 great orbs of eyes
  2 merfolk javelineers
  4 deep elf high priests (Elf:3)
  7 rakshasas
  6 vault guards
  Erolcha (Orc:2)
  2 catoblepae (Lair:5)
  13 yaktaur captains
  Harold (Lair:1)
  4 peacekeepers (Vaults:4)
  An ogre mage (Orc:2)
  2 radroaches (Spider:2)
  5 hydras
  5 merfolk aquamancers
  An alligator snapping turtle (Shoals:3)
  2 merfolk avatars (Shoals:4)
  7 centaur warriors
  8 ironbound frosthearts
  2 spriggan air magi (Depths:1)
  17 dancing weapons
  A death knight (D:14)
  2 satyrs (Shoals:3)
  4 deep troll shamans
  3 two-headed ogres
  4 demonic crawlers
  9 death yaks
  7 death scarabs (Spider:4)
  A shock serpent (shapeshifter) (WizLab)
  5 deep troll earth magi
  A vampire mage (Depths:1)
  Urug (D:10)
  7 boulder beetles
  2 spriggan berserkers (Depths:1)
  3 tengu warriors
  A thrashing horror (WizLab)
  2 spectral emperor scorpions (Spider:4)
  The ghost of cfcfcfcfcf the Covert, a journeyman FeSu of Kikubaaqudgha (Lair:2)
  2 occultists (Depths:1)
  6 deep elf knights
  3 orc high priests
  Sonja (D:12)
  3 iron trolls (Depths:1)
  A spriggan (Depths:1)
  Amaemon (Lair:1)
  7 skysharks
  A salamander mystic (Volcano)
  16 pharaoh ants
  2 shadow wraiths (WizLab)
  A skeletal warrior (D:14)
  2 glowing orange brains (Depths:2)
  A storm dragon skeleton (WizLab)
  A mana viper (WizLab)
  13 orb spiders
  A sea snake (shapeshifter) (D:15)
  A shadow demon (WizLab)
  12 sea snakes
  42 deep trolls
  2 obsidian statues (WizLab)
  A spectral wolf spider (Spider:4)
  An anaconda skeleton (WizLab)
  14 deep elf archers
  12 steelbarb worms
  10 lindwurms
  6 arcanists
  15 deep elf zephyrmancers
  A spectral jorogumo (Spider:4)
  2 orc knights
  2 phantasmal warriors
  22 harpies
  25 wolf spiders
  14 ironbound convokers
  A harpy (shapeshifter) (WizLab)
  A large abomination (WizLab)
  11 cyclopes
  A will-o-the-wisp (WizLab)
  2 moths of wrath
  10 fauns
  10 orc sorcerers
  24 ugly things
  38 deep elf pyromancers
  4 salamanders (Volcano)
  9 manticores
  14 elephants
  19 vault sentinels
  6 water nymphs
  An ice statue (Vaults:3)
  An apocalypse crab (WizLab)
  Joseph (Lair:1)
  6 merfolk sirens
  A water nymph (shapeshifter) (WizLab)
  6 meliai
  6 black mambas
  2 molten gargoyles (Volcano)
  A torpor snail (shapeshifter) (Vaults:3)
  7 torpor snails
  An orange demon (Lair:1)
  3 rime drakes
  11 cane toads
  A gargoyle (D:11)
  Maggie (D:6)
  5 unseen horrors
  2 rime drakes (shapeshifter)
  2 efreet (D:15)
  6 spectral redbacks (Spider:4)
  5 komodo dragons
  A freezing wraith (D:14)
  44 yaktaurs
  7 tengu conjurers
  3 polar bears
  A merfolk (shapeshifter) (Depths:2)
  7 trolls
  27 merfolk
  6 wind drakes
  3 spectral jumping spiders (Spider:4)
  27 tarantellas
  A queen bee (D:13)
  3 tarantella zombies (Spider:4)
  2 hornets
  Prince Ribbit (D:9)
  A jumping spider zombie (Spider:4)
  A snapping turtle (shapeshifter) (WizLab)
  A spectral culicivora (Spider:4)
  17 dream sheep
  7 snapping turtles
  8 blink frogs
  14 slime creatures
  A stone giant simulacrum (Vaults:2)
  30 jumping spiders
  A shadow (D:12)
  3 air elementals
  4 wraiths
  9 water elementals
  25 culicivoras
  2 fire bats (Volcano)
  5 wyverns
  5 steam dragons
  40 yaks
  2 basilisks (Lair:3)
  44 redbacks
  3 fire elementals
  A yaktaur simulacrum (Vaults:2)
  Edmund (D:4)
  8 water moccasins
  3 acid dragons
  23 orc warriors
  A black bear (shapeshifter) (D:14)
  6 black bears
  A sky beast (D:7)
  An ice beast (D:5)
  3 laughing skulls
  16 wolves
  9 ogres
  8 boggarts
  9 centaurs
  A phantom (D:7)
  A kobold brigand (D:7)
  A gnoll sergeant (D:9)
  13 bullfrogs
  6 scorpions
  An earth elemental (Elf:1)
  11 wights
  20 killer bees
  7 howler monkeys
  2 bombardier beetles (D:6)
  7 lava snakes (Volcano)
  3 jellies
  5 orc priests
  4 gnoll boudas
  2 sleepcaps
  An iguana (D:5)
  34 orc wizards
  4 hell rats (Lair:1)
  Robin (D:3)
  17 adders
  19 gnolls
  4 river rats (Lair:1)
  A shadow imp (D:7)
  2 white imps (D:8)
  2 ufetubi (D:6)
  3 ribbon worms
  12 dart slugs
  53 orcs
  19 endoplasms
  12 giant cockroaches
  16 goblins
  12 hobgoblins
  12 jackals
  14 kobolds
  6 quokkas
  21 ball pythons
  9 bats
  11 frilled lizards
  13 rats
  6 tentacles
1606 creatures vanquished.

Vanquished Creatures (others)
  An eldritch tentacle (WizLab)
  A slime creature (Vaults:2)
  A rakshasa (WizLab)
  A sea snake (Shoals:3)
  An ironbound convoker (Vaults:2)
  2 deep elf zephyrmancers
  A deep elf pyromancer (Elf:3)
  A water nymph (Shoals:4)
  2 jumping spiders (Spider:2)
  A bat (D:6)
  3 tentacles
15 creatures vanquished.

Grand Total: 1621 creatures vanquished

Notes
Turn   | Place    | Note
-------+----------+-------------------------------------------
     0 | D:1      | Reached skill level 10 in Dodging
     0 | D:1      | James the Gnoll Wanderer began the quest for the Orb.
     0 | D:1      | James set off with the following items: a +1 falchion, a +2
                  | leather armour, a potion of brilliance.
     0 | D:1      | Reached XP level 1. HP: 23/23 MP: 1/1
   161 | D:1      | Reached XP level 2. HP: 29/29 MP: 2/2
   723 | D:2      | Reached XP level 3. HP: 35/35 MP: 3/3
   831 | D:2      | Reached skill level 1 in Invocations
   868 | D:2      | Reached skill level 1 in Short Blades
   868 | D:2      | Reached skill level 1 in Axes
   868 | D:2      | Reached skill level 1 in Maces & Flails
   868 | D:2      | Reached skill level 1 in Polearms
   868 | D:2      | Reached skill level 1 in Staves
   868 | D:2      | Reached skill level 1 in Ranged Weapons
   868 | D:2      | Reached skill level 1 in Throwing
   868 | D:2      | Reached skill level 1 in Armour
   868 | D:2      | Reached skill level 1 in Stealth
   868 | D:2      | Reached skill level 1 in Shields
   868 | D:2      | Reached skill level 1 in Unarmed Combat
   868 | D:2      | Reached skill level 1 in Spellcasting
   868 | D:2      | Reached skill level 1 in Evocations
   986 | D:2      | Reached skill level 1 in Shapeshifting
   986 | D:2      | Reached XP level 4. HP: 34/41 MP: 5/5
  1709 | D:3      | Reached skill level 1 in Conjurations
  1709 | D:3      | Reached skill level 1 in Hexes
  1709 | D:3      | Reached skill level 1 in Summonings
  1709 | D:3      | Reached skill level 1 in Necromancy
  1709 | D:3      | Reached skill level 1 in Translocations
  1709 | D:3      | Reached skill level 1 in Fire Magic
  1709 | D:3      | Reached skill level 1 in Ice Magic
  1709 | D:3      | Reached skill level 1 in Air Magic
  1709 | D:3      | Reached skill level 1 in Earth Magic
  1709 | D:3      | Reached skill level 1 in Alchemy
  2167 | D:4      | Noticed Edmund
  2236 | D:4      | Noticed Robin
  2258 | D:3      | Reached XP level 5. HP: 15/47 MP: 5/7
  2388 | D:3      | Killed Robin
  2703 | D:4      | Found Exisewash's Antique Weapon Emporium.
  2765 | D:4      | Reached skill level 2 in Invocations
  2765 | D:4      | Reached XP level 6. HP: 53/53 MP: 8/8
  2793 | D:4      | Reached skill level 5 in Long Blades
  3060 | D:4      | Found Nappayj's Distillery.
  3065 | D:4      | Bought a potion of curing for 42 gold pieces
  3065 | D:4      | Bought a potion of heal wounds for 70 gold pieces
  3318 | D:4      | Found a white marble altar of Elyvilon.
  3373 | D:4      | Became a worshipper of Elyvilon the Healer
  3402 | D:5      | Entered Level 5 of the Dungeon
  3412 | D:4      | Reached XP level 7. HP: 59/59 MP: 10/10
  3627 | D:5      | Learned a level 2 spell: Blink
  3969 | D:3      | Reached skill level 3 in Invocations
  4194 | D:5      | Found a sparkling altar of Nemelex Xobeh.
  4195 | D:5      | Found a glowing silver altar of Zin.
  4534 | D:5      | Reached XP level 8. HP: 51/67 MP: 8/12
  4603 | D:5      | Reached * piety under Elyvilon
  4873 | D:6      | Found a shadowy altar of Dithmenos.
  4943 | D:6      | Noticed Maggie
  4982 | D:6      | Killed Maggie
  4997 | D:6      | Reached skill level 4 in Invocations
  5040 | D:6      | Found a glowing drain.
  5051 | Sewer    | Entered a sewer
  5504 | Sewer    | Identified the ring of Descent {Will+ Str+3}
  5569 | D:6      | Reached XP level 9. HP: 73/73 MP: 14/14
  5806 | D:6      | Noticed Jeremiah
  6028 | D:6      | Jeremiah changed into Jeremiah the elephant
  6028 | D:6      | Noticed Jeremiah
  6069 | D:6      | Killed Jeremiah the elephant
  6070 | D:6      | Reached skill level 5 in Invocations
  6343 | D:6      | Reached ** piety under Elyvilon
  6804 | D:6      | Found the +11 Singing Sword {sonic wave}
  7014 | D:4      | Found a white marble altar of Elyvilon.
  7022 | D:4      | Killed Edmund
  7238 | D:4      | Found Exisewash's Antique Weapon Emporium.
  7317 | D:4      | Found Nappayj's Distillery.
  7498 | D:7      | Found a staircase to the Ecumenical Temple.
  7519 | Temple   | Found a transporter.
  7519 | Temple   | Found a transporter.
  7519 | Temple   | Found a transporter.
  7519 | Temple   | Found a transporter.
  7519 | Temple   | Entered the Ecumenical Temple
  7540 | D:7      | Reached skill level 5 in Short Blades
  7540 | D:7      | Reached skill level 5 in Axes
  7540 | D:7      | Reached skill level 5 in Maces & Flails
  7540 | D:7      | Reached skill level 5 in Polearms
  7540 | D:7      | Reached skill level 5 in Staves
  7540 | D:7      | Reached skill level 5 in Ranged Weapons
  7540 | D:7      | Reached skill level 5 in Throwing
  7540 | D:7      | Reached skill level 5 in Armour
  7540 | D:7      | Reached skill level 5 in Stealth
  7540 | D:7      | Reached skill level 5 in Shields
  7540 | D:7      | Reached skill level 5 in Unarmed Combat
  7540 | D:7      | Reached skill level 5 in Spellcasting
  7540 | D:7      | Reached skill level 5 in Evocations
  7540 | D:7      | Reached XP level 10. HP: 81/81 MP: 17/17
  7681 | D:7      | Found a glowing golden altar of the Shining One.
  7909 | D:7      | Reached *** piety under Elyvilon
  8147 | D:7      | Learned a level 2 spell: Lesser Beckoning
  8281 | D:8      | Reached skill level 6 in Invocations
  8316 | D:8      | Found an ornate altar of the Wu Jian Council.
  8336 | D:8      | Reached skill level 5 in Shapeshifting
  8353 | D:8      | Found an iron altar of Okawaru.
  8732 | D:8      | Learned a level 3 spell: Swiftness
  8859 | D:9      | Noticed Prince Ribbit
  8866 | D:9      | Killed Prince Ribbit
  9129 | D:9      | Found a radiant altar of Vehumet.
  9137 | D:9      | Reached **** piety under Elyvilon
  9143 | D:9      | Found an ancient bone altar of Kikubaaqudgha.
  9172 | D:9      | Reached skill level 5 in Conjurations
  9172 | D:9      | Reached skill level 5 in Hexes
  9172 | D:9      | Reached skill level 5 in Summonings
  9172 | D:9      | Reached skill level 5 in Necromancy
  9172 | D:9      | Reached skill level 5 in Translocations
  9172 | D:9      | Reached skill level 5 in Fire Magic
  9172 | D:9      | Reached skill level 5 in Ice Magic
  9172 | D:9      | Reached skill level 5 in Air Magic
  9172 | D:9      | Reached skill level 5 in Earth Magic
  9172 | D:9      | Reached skill level 5 in Alchemy
  9172 | D:9      | Reached XP level 11. HP: 81/89 MP: 17/20
  9574 | D:9      | Found a staircase to the Lair.
  9692 | D:9      | Found an ancient bone altar of Kikubaaqudgha.
  9695 | D:9      | Found a radiant altar of Vehumet.
 10119 | D:10     | Entered Level 10 of the Dungeon
 10220 | D:10     | Noticed Urug
 10290 | D:10     | Reached skill level 7 in Invocations
 10565 | D:10     | Noticed a two-headed ogre
 10579 | D:10     | Noticed a two-headed ogre
 10585 | D:10     | Killed a two-headed ogre
 10590 | D:10     | Killed a two-headed ogre
 10727 | D:10     | Reached ***** piety under Elyvilon
 11034 | D:10     | Killed Urug
 11784 | D:10     | Noticed a deep elf pyromancer
 11920 | D:10     | Learned a level 4 spell: Passage of Golubria
 11936 | D:10     | Learned a level 3 spell: Mephitic Cloud
 12105 | D:11     | Noticed a cyclops
 12110 | D:11     | Killed a cyclops
 12351 | D:12     | Noticed a two-headed ogre
 12351 | D:12     | Noticed a cyclops
 12351 | D:12     | Found a staircase to the Orcish Mines.
 12358 | D:11     | Killed a two-headed ogre
 12359 | D:11     | Reached XP level 12. HP: 77/97 MP: 16/22
 12550 | D:12     | Noticed Sonja
 12552 | D:12     | Reached skill level 8 in Invocations
 12553 | D:12     | Killed Sonja
 12710 | D:12     | Reached skill level 10 in Fighting
 13374 | Lair:1   | Entered Level 1 of the Lair of Beasts
 13597 | Lair:1   | Noticed Harold
 13611 | Lair:1   | Killed Harold
 13644 | Lair:1   | Noticed Amaemon
 13990 | Lair:1   | Killed Amaemon
 14050 | Lair:1   | Noticed Joseph
 14062 | Lair:1   | Killed Joseph
 14214 | Lair:1   | Reached ****** piety under Elyvilon
 14298 | Lair:1   | Noticed a five-headed hydra
 14827 | Lair:2   | Noticed cfcfcfcfcf's ghost (journeyman FeSu)
 14827 | Lair:2   | Found a runed translucent door.
 14860 | Lair:2   | Found a dark tunnel.
 14875 | Volcano  | Entered a volcano
 15066 | Volcano  | Reached XP level 13. HP: 99/104 MP: 23/25
 15107 | Volcano  | Found a radiant altar of Vehumet.
 15126 | Volcano  | Reached skill level 9 in Invocations
 15130 | Volcano  | HP: 5/104 [salamander/+2 trident of flaming (13)]
 15130 | Volcano  | HP: 1/104 [salamander/+2 trident of flaming (4)]
 15130 | Volcano  | Elyvilon protects you from harm!
 15227 | Volcano  | Noticed a red draconian
 15234 | Volcano  | Killed a red draconian
 16563 | Lair:3   | Found a staircase to the Shoals.
 16574 | Lair:3   | Found a transporter.
 16579 | Lair:3   | Found a transporter.
 16579 | Lair:3   | Noticed Nykkuludd's ghost (journeyman OpSh)
 16806 | Lair:3   | Reached skill level 10 in Long Blades
 17098 | Lair:3   | Found a hole to the Spider Nest.
 17991 | Lair:4   | Found a staircase to the Slime Pits.
 17991 | Lair:4   | Found a viscous altar of Jiyva.
 18388 | Lair:5   | Entered Level 5 of the Lair of Beasts
 18449 | Lair:4   | Reached skill level 10 in Invocations
 18449 | Lair:4   | Reached XP level 14. HP: 91/113 MP: 27/27
 20243 | Lair:5   | Learned a level 5 spell: Yara's Violent Unravelling
 20355 | Lair:2   | Killed cfcfcfcfcf's ghost
 20507 | Orc:1    | Entered Level 1 of the Orcish Mines
 20724 | Orc:1    | Found Fiviotor's Distillery.
 20787 | Orc:2    | Entered Level 2 of the Orcish Mines
 22148 | Orc:2    | Found Zeodwiga's Antique Weapon Shoppe.
 22175 | Orc:2    | Reached skill level 10 in Short Blades
 22175 | Orc:2    | Reached skill level 10 in Axes
 22175 | Orc:2    | Reached skill level 10 in Maces & Flails
 22175 | Orc:2    | Reached skill level 10 in Polearms
 22175 | Orc:2    | Reached skill level 10 in Staves
 22175 | Orc:2    | Reached skill level 10 in Ranged Weapons
 22175 | Orc:2    | Reached skill level 10 in Throwing
 22175 | Orc:2    | Reached skill level 10 in Armour
 22175 | Orc:2    | Reached skill level 10 in Stealth
 22175 | Orc:2    | Reached skill level 10 in Shields
 22175 | Orc:2    | Reached skill level 10 in Unarmed Combat
 22175 | Orc:2    | Reached skill level 10 in Spellcasting
 22175 | Orc:2    | Reached skill level 10 in Evocations
 22185 | Orc:2    | Found an ancient bone altar of Kikubaaqudgha.
 22563 | Orc:2    | Found Niwuukh's Book Emporium.
 22638 | Orc:2    | Found a radiant altar of Vehumet.
 22638 | Orc:2    | Noticed Erolcha
 22805 | Orc:2    | Found Reblebe's Magic Scroll Emporium.
 22821 | Orc:2    | Reached XP level 15. HP: 116/120 MP: 29/29
 22832 | Orc:2    | Killed Erolcha
 22833 | Orc:2    | Reached skill level 11 in Invocations
 23034 | Orc:2    | Found Udann's Antique Armour Emporium.
 23300 | Orc:2    | Found Puesurosyu's Weapon Shop.
 23323 | Orc:2    | Found a staircase to the Elven Halls.
 23487 | Orc:2    | Bought a book of Iron for 352 gold pieces
 23492 | Orc:2    | Learned a level 4 spell: Summon Lightning Spire
 23626 | D:13     | Found a gate to the Vaults.
 24806 | D:14     | Found an opulent altar of Gozag.
 24813 | D:14     | Found Gozag's Platinum Reserve.
 24998 | D:14     | Found Dikia's Book Shoppe.
 25049 | D:14     | Noticed Nessos
 25058 | D:14     | Killed Nessos
 25337 | D:14     | Got the Vellum of Terrain and Ignition
 25339 | D:14     | Identified the +5 hand axe "Kugyras" {holy, rF+ rCorr
                  | Int-4}
 25921 | D:15     | Entered Level 15 of the Dungeon
 26228 | D:15     | Found Otaod's General Store.
 26338 | D:15     | Found a staircase to the Depths.
 26418 | D:15     | Identified the +10 falchion of the Fray {heavy, rN+ Dex+2}
 26823 | D:15     | Bought a scroll of acquirement for 884 gold pieces
 26823 | D:15     | Acquired 795 gold pieces
 26829 | D:15     | Learned a level 3 spell: Passwall
 26993 | D:10     | Identified the +5 orcbow "Hellblazer" {heavy, rPois}
 27169 | Shoals:1 | Entered Level 1 of the Shoals
 27545 | Shoals:1 | Found Oxoi's Antique Armour Emporium.
 27564 | Shoals:1 | Reached skill level 10 in Shapeshifting
 27915 | Shoals:1 | Reached XP level 16. HP: 128/129 MP: 28/30
 27926 | Shoals:1 | Found Iiwn's Incredible Inventory.
 27934 | Shoals:1 | Bought a manual of Invocations for 800 gold pieces
 28579 | Shoals:2 | Reached skill level 12 in Invocations
 28657 | Shoals:2 | Noticed a kraken
 29089 | Shoals:2 | Found the +10 dark maul {heavy}
 29380 | Shoals:2 | Reached skill level 15 in Dodging
 29402 | Shoals:2 | Killed a kraken
 29793 | Shoals:2 | Learned a level 4 spell: Iskenderun's Mystic Blast
 31610 | Shoals:4 | Entered Level 4 of the Shoals
 31910 | Shoals:4 | Reached skill level 13 in Invocations
 33504 | Shoals:4 | HP: 8/170 [water nymph/the raging water (18)]
 33855 | Spider:1 | Entered Level 1 of the Spider Nest
 34037 | Spider:1 | Noticed Frances
 34057 | Spider:1 | Killed Frances
 34058 | Spider:1 | Reached XP level 17. HP: 109/137 MP: 26/32
 34365 | Spider:1 | Reached skill level 10 in Conjurations
 34365 | Spider:1 | Reached skill level 10 in Hexes
 34365 | Spider:1 | Reached skill level 10 in Summonings
 34365 | Spider:1 | Reached skill level 10 in Necromancy
 34365 | Spider:1 | Reached skill level 10 in Translocations
 34365 | Spider:1 | Reached skill level 10 in Fire Magic
 34365 | Spider:1 | Reached skill level 10 in Ice Magic
 34365 | Spider:1 | Reached skill level 10 in Air Magic
 34365 | Spider:1 | Reached skill level 10 in Earth Magic
 34365 | Spider:1 | Reached skill level 10 in Alchemy
 35276 | Spider:1 | You fall into a shaft and drop 1 floor!
 35311 | Spider:2 | Elyvilon protects you from harm!
 36170 | Spider:2 | Reached skill level 14 in Invocations
 36606 | Spider:2 | Learned a level 5 spell: Metabolic Englaciation
 38740 | Spider:3 | Identified the +5 glaive of the Magi {distort, rCorr Dex+3}
 39074 | Spider:4 | Entered Level 4 of the Spider Nest
 40428 | Spider:4 | Reached skill level 15 in Invocations
 40428 | Spider:4 | Reached XP level 18. HP: 132/146 MP: 34/34
 41794 | Spider:4 | Noticed Arachne
 41864 | Spider:4 | Killed Arachne
 44126 | Spider:4 | HP: 6/147 [emperor scorpion (29)]
 44134 | Spider:4 | HP: 2/147 [emperor scorpion (12)]
 44136 | Spider:4 | Elyvilon protects you from harm!
 44956 | Shoals:3 | HP: 1/147 [wind drake/the air (13)]
 45653 | Shoals:3 | Reached skill level 16 in Invocations
 46113 | Shoals:4 | Got a barnacled rune of Zot
 46716 | Shoals:4 | Identified the ring of Balance {Str+3 Int+6}
 47093 | Orc:2    | Bought a scroll of blinking for 82 gold pieces
 47097 | Orc:2    | Bought a scroll of teleportation for 33 gold pieces
 47097 | Orc:2    | Bought a scroll of fog for 44 gold pieces
 47097 | Orc:2    | Bought a scroll of fog for 44 gold pieces
 47171 | Orc:1    | Bought a potion of curing for 36 gold pieces
 47171 | Orc:1    | Bought a potion of curing for 36 gold pieces
 47171 | Orc:1    | Bought a potion of might for 48 gold pieces
 47311 | Elf:1    | Entered Level 1 of the Elven Halls
 47616 | Elf:1    | Reached XP level 19. HP: 153/153 MP: 36/36
 48490 | Elf:1    | Noticed Roxanne
 49220 | Elf:2    | Found Yronyemu's Book Shoppe.
 49949 | Elf:2    | Found a runed translucent gate.
 49949 | Elf:2    | Found a runed translucent gate.
 49949 | Elf:2    | Found a runed translucent gate.
 50579 | Elf:3    | Entered Level 3 of the Elven Halls
 50599 | Elf:3    | Reached skill level 17 in Invocations
 51025 | Elf:3    | Paralysed by an air elemental for 1 turns
 51520 | Elf:3    | Reached skill level 15 in Fighting
 53820 | Spider:4 | Got a gossamer rune of Zot
 54281 | Vaults:1 | Entered Level 1 of the Vaults
 54869 | Vaults:1 | HP: 7/155 [ironbound thunderhulk/bolt of lightning (50)]
 55329 | Vaults:1 | Found Xokhla's Jewellery Shop.
 55375 | Vaults:1 | Reached XP level 20. HP: 162/162 MP: 27/37
 56833 | Shoals:1 | Bought a bloodstained ring mail for 333 gold pieces
 56833 | Shoals:1 | Identified the +0 ring mail "Saneh" {rN+} (You bought it in
                  | a shop on level 1 of the Shoals)
 56835 | Shoals:1 | Bought a runed ring mail for 259 gold pieces
 57068 | Vaults:2 | Found a staircase to the Crypt.
 57075 | Vaults:2 | Reached skill level 18 in Invocations
 57151 | Vaults:2 | Noticed Boris
 57439 | Vaults:2 | Killed Boris
 57506 | Vaults:2 | Found a flickering gateway to a bazaar.
 57527 | Bazaar   | Entered a bazaar
 57533 | Bazaar   | Found Nehaom's Magic Scroll Boutique.
 57554 | Bazaar   | Found Noschugg's Weapon Boutique.
 57554 | Bazaar   | Found Jiyly's Antique Weapon Boutique.
 57555 | Bazaar   | Found Biwilly's Antique Armour Boutique.
 57605 | Bazaar   | Bought an ichor-stained cloak for 237 gold pieces
 57605 | Bazaar   | Identified the +2 cloak of Juvuat {rN+ Str-4 Int+2 SInv}
                  | (You bought it in a shop in a bazaar)
 57610 | Bazaar   | Bought a scroll of acquirement for 832 gold pieces
 57610 | Bazaar   | Acquired the +2 tower shield of Mysticism {^Contam rF++}
 57639 | Bazaar   | Bought a pair of embroidered gloves for 187 gold pieces
 57658 | Bazaar   | Bought a scroll of blinking for 120 gold pieces
 57658 | Bazaar   | Bought a scroll of blinking for 120 gold pieces
 57658 | Bazaar   | Bought 2 scrolls of blinking for 240 gold pieces
 57658 | Bazaar   | Bought a scroll of teleportation for 48 gold pieces
 57658 | Bazaar   | Bought a scroll of teleportation for 48 gold pieces
 57679 | Bazaar   | Bought a +3 hand cannon of freezing for 233 gold pieces
 58110 | Vaults:2 | Identified the +1 halberd "Nyerphor" {venom, Int+8}
 58592 | Vaults:2 | Reached skill level 15 in Long Blades
 59661 | Vaults:2 | Found a runed translucent gate.
 59661 | Vaults:2 | Found a runed translucent gate.
 59663 | Vaults:2 | Found a runed translucent gate.
 59663 | Vaults:2 | Noticed rgbqcd's ghost (veteran MiBe)
 59664 | Vaults:2 | Identified the +0 leather armour of Nudearar {rC+++ Str-3
                  | Dex-2 SInv}
 59666 | Vaults:2 | Identified the +11 demon trident of the Priest {drain,
                  | Will+}
 59668 | Vaults:2 | Found an iron altar of Okawaru.
 60129 | Vaults:3 | Noticed Boris
 60143 | Vaults:3 | Killed Boris
 60507 | Vaults:3 | Reached XP level 21. HP: 170/170 MP: 31/39
 60608 | Vaults:3 | Reached skill level 19 in Invocations
 61236 | Vaults:3 | Identified the +4 chain mail "Ujada" {rPois rF- Int+3}
 61837 | Vaults:3 | Found a gateway to a bazaar.
 62236 | Vaults:4 | Found a magical portal.
 62334 | WizLab   | Entered The Roulette of Golubria
 62334 | WizLab   | Found a transporter.
 62366 | WizLab   | Found a corrupted altar of Lugonu.
 62671 | WizLab   | Found a transporter.
 62676 | WizLab   | Found a corrupted altar of Lugonu.
 62678 | WizLab   | Found a transporter.
 62712 | WizLab   | Found a transporter.
 62950 | WizLab   | Found a transporter.
 62950 | WizLab   | Found a transporter.
 63032 | WizLab   | Found a corrupted altar of Lugonu.
 63032 | WizLab   | Found a transporter.
 63033 | WizLab   | Found a corrupted altar of Lugonu.
 63035 | WizLab   | Found a corrupted altar of Lugonu.
 63127 | WizLab   | Found a transporter.
 63127 | WizLab   | Found a transporter.
 63129 | WizLab   | Found a corrupted altar of Lugonu.
 63209 | WizLab   | Found a transporter.
 63209 | WizLab   | Found a transporter.
 63274 | WizLab   | Reached skill level 15 in Short Blades
 63274 | WizLab   | Reached skill level 15 in Axes
 63274 | WizLab   | Reached skill level 15 in Maces & Flails
 63274 | WizLab   | Reached skill level 15 in Polearms
 63274 | WizLab   | Reached skill level 15 in Staves
 63274 | WizLab   | Reached skill level 15 in Ranged Weapons
 63274 | WizLab   | Reached skill level 15 in Throwing
 63274 | WizLab   | Reached skill level 15 in Armour
 63274 | WizLab   | Reached skill level 15 in Stealth
 63274 | WizLab   | Reached skill level 15 in Shields
 63274 | WizLab   | Reached skill level 15 in Unarmed Combat
 63274 | WizLab   | Reached skill level 15 in Spellcasting
 63274 | WizLab   | Reached skill level 15 in Evocations
 63374 | WizLab   | Found a transporter.
 63374 | WizLab   | Found a transporter.
 63424 | WizLab   | Found a transporter.
 63424 | WizLab   | Found a transporter.
 63528 | WizLab   | Found a transporter.
 63528 | WizLab   | Found a transporter.
 63528 | WizLab   | Found a corrupted altar of Lugonu.
 63649 | WizLab   | Found the +1 cloak of Starlight {*Dazzle EV+4 Stlth--}
 63652 | WizLab   | Identified the +2 cloak of the Harvest {Rampage rCorr
                  | Str-5}
 63803 | WizLab   | Identified the +0 cloak "Nioci" {^Drain MP+9 Int+5}
 63827 | WizLab   | Identified the +2 cloak "Hunih Gucu" {Dex+5}
 63880 | WizLab   | Found a transporter.
 63880 | WizLab   | Found a transporter.
 65403 | Vaults:4 | Reached XP level 22. HP: 163/179 MP: 6/41
 65418 | Vaults:4 | Reached skill level 20 in Invocations
 66068 | Vaults:4 | Learned a level 4 spell: Ignite Poison
 66437 | Lair:3   | Killed Nykkuludd's ghost
 66816 | Elf:1    | Killed Roxanne
 68293 | Elf:3    | Identified the +2 great sword of Forgiveness {freeze,
                  | rElec}
 68412 | Elf:3    | Identified the +0 flail "Vodap" {flame, Str+2 Dex+3}
 68435 | Elf:3    | Identified the +11 spear of the Grim God {freeze, ^Drain
                  | +Blink rElec rCorr}
 68789 | Elf:3    | Identified the +1 mace "Caxad" {heavy, *Rage rF++}
 68948 | Elf:3    | Identified the +4 scale mail of Wujowod {rF+ Str-3 Slay+2}
 68959 | Elf:3    | Identified the +3 ring mail of Vehumet's Delight {rElec rC-
                  | rCorr SInv}
 68983 | Elf:3    | Identified the +3 scale mail of Intercession {Will+ Int+2
                  | Stlth+}
 69273 | Depths:1 | Entered Level 1 of the Depths
 69281 | Depths:1 | Found a gateway to Hell.
 69541 | Depths:1 | Found a blossoming altar of Fedhas.
 69987 | Depths:1 | Identified the +3 trident of Deformation {freeze, Int+6}
 70079 | Depths:1 | Found a one-way gate to the infinite horrors of the Abyss.
 70441 | Depths:1 | Noticed Asterion
 70458 | Depths:1 | Killed Asterion
 71603 | Depths:2 | HP: 7/181 [stone giant[a glowing orange brain] (7)]
 71604 | Depths:2 | HP: 1/181 [spriggan defender/+0 lajatang of electrocution[a
                  | glowing orange brain] (6)]
 71604 | Depths:2 | Elyvilon protects you from harm!
 71604 | Depths:2 | Slain by a storm dragon

Illustrated notes

Levels and vault maps discovered:
D:1:      dpeg_arrival_windows_large_door, layout_loops_ring,
          minmay_tromino_v4_a
D:2:      layout_basic, minmay_split_cup_large
D:3:      layout_loops_corners
D:4:      layout_rooms, mainiacjoe_overflow_paths, serial_shops,
          kennysheep_mini, shop, st_stairs_5, minmay_snake_closets, uniq_robin,
          uniq_edmund
D:5:      layout_cave_pools, nicolae_overflow_squiral
D:6:      old_forge, layout_loops_ring, grunt_dithmenos_smoke,
          portal_sewer_entry_e, uniq_jeremiah, uniq_maggie
D:7:      layout_cave_pools, overflow_temple_1_default, temple_statues,
          grunt_ministairs_4, kennysheep_generic_room_6
D:8:      layout_basic, mainiacjoe_overflow_divided_tiny
D:9:      layout_loops_cross, mainiacjoe_overflow_catwalk_spiral,
          lair_entry_dummy, serial_library_regret_index_double_sided,
          uniq_prince_ribbit1
D:10:     lemuel_flame_loot_2, layout_basic, uniq_urug
D:11:     layout_rooms
D:12:     layout_long_grid, orc_0_dummy, uniq_sonja
D:13:     layout_small_grid, erik_vaults_1, nicolae_looking_at_the_future
D:14:     layout_small_grid, nicolae_gozag_zags_fifth_avenue, serial_shops,
          nicolae_shop_crystal, uniq_nessos
D:15:     gammafunk_enter_depths_forms, layout_basic, grunt_ministairs_9,
          minmay_shop_grid_forest
Temple:   hellmonk_temple_divided_pantheon
Lair:1:   layout_layer_cave, kennysheep_abandoned_house, serial_bayou_shore_b,
          grunt_megastairs_5, lemuel_fruit_tree, uniq_amaemon, uniq_harold,
          uniq_joseph
Lair:2:   layout_regular_city, lightli_volcano_entry_magma_tube,
          ebering_ghost_inner_flame
Lair:3:   layout_roguey, shoals_dummy_entry,
          hellmonk_spider_entry_life_and_decay, gammafunk_ghost_arena
Lair:4:   layout_cave_pods, slime_entry_1, chequers_serial_rivers_micro_d
Lair:5:   grunt_lair_end_beastmaster, layout_gridlike
Shoals:1: layout_shoals, serial_shops, nicolae_shop_trees,
          nicolae_alphabet_shops
Shoals:2: layout_shoals
Shoals:3: layout_shoals, nicolae_shoals_lost_giant_baths
Shoals:4: shoals_end_simple, layout_shoals, nzn_prometheus_bound
Spider:1: layout_chambers, guppyfry_spider_mini_1,
          hangedman_spider_tarantella_strand, uniq_frances
Spider:2: layout_cave_pods
Spider:3: layout_chambers
Spider:4: floodkiller_spider_rune_tomb, nicolae_arachne_temple
Orc:1:    layout_caves, serial_shops, nicolae_shop_tiny_real_fake_doors
Orc:2:    kennysheep_orc_mage_school, layout_caves, serial_shops, shop,
          minmay_orc_keep
Elf:1:    minmay_elf_arrival_plus, layout_loops_cross, hangedman_elf_disciples,
          dk_noncrumbling_2, hangedman_glass_teeth, uniq_roxanne
Elf:2:    elven_hall_of_blades_hangedman_original
          [nicolae_blade_entry_sentries_behind_glass], layout_gridlike,
          serial_shops, shop, grunt_megastairs_2, uniq_jorgrun
Elf:3:    elf_hall, layout_onion_city
Vaults:1: nicolae_vaults_network_quinsquares
          [nicolae_vaults_network_quincunx_subvault,
          nicolae_vaults_network_quincunx_subvault,
          nicolae_vaults_network_quincunx_subvault,
          nicolae_vaults_network_quincunx_subvault],
          nicolae_vaults_security_offices_1, v_misc_12,
          nicolae_vaults_three_branches, layout_vaults_omnigrid, serial_shops,
          nicolae_shop_behind_doors
Vaults:2: gammafunk_ghost_fury_of_okawaru, minmay_crypt_entry_simple_statues,
          grunt_vaults_funnel, hangedman_vaults_corner_blocks,
          nicolae_vaults_doubleplus_tesselated, grunt_vaults_focal,
          nicolae_vaults_cochlea, grunt_vaults_twisty, serial_ice_h,
          hangedman_vaults_restitches, v_misc_13, st_more_cells,
          vaults_dpeg_doors, nicolae_vaults_border_crossing,
          vaults_room_stairs_pillars, nicolae_vaults_trapezoid_1,
          layout_vaults_omnicross, serial_shops, bzr_entry_islet, uniq_boris
Vaults:3: nicolae_vaults_six-pack, nicolae_vaults_closet_pinwheel_1,
          nicolae_vaults_quartermaster, vaults_standard_mumra_lines,
          vaults_standard_mumra_x, v_misc_3, v_misc_3, ontoclasm_vaults_hangar,
          v_misc_14, nicolae_vaults_offset_grid_hallway_1,
          nicolae_vaults_tetromino_L_1, nicolae_vaults_house_3,
          layout_vaults_big_room, serial_shops, statue_bzr
Vaults:4: lightli_enter_wizlab_magi_temple, v_alt_pattern_2,
          nicolae_vaults_tetromino_T_2, v_pattern_1,
          nicolae_vaults_trapezoid_lopsided_1, v_misc_3, nicolae_vaults_mitosis,
          dpeg_vaults_monster_box, v_rooms_3, nicolae_vaults_diamond_2,
          ontoclasm_vaults_claustrophobia, nicolae_vaults_trapezoid_lopsided_1,
          layout_vaults_omnibox, serial_glass
Depths:1: layout_roguey, pf_coc_iceberg, nicolae_abyss_entry_one_way_or_another,
          fountainhead, st_stairs_2, fedhas_altar_3, serial_bayou_shore_b,
          uniq_asterion
Depths:2: minmay_the_grid_square_5x5_4x4_mashed
          [minmay_the_grid_square_5x5_eight_small,
          minmay_the_grid_square_5x5_three,
          minmay_the_grid_square_5x5_fancy_junction,
          minmay_the_grid_square_5x5_intrusive_squares,
          minmay_the_grid_square_5x5_checkered_sparse,
          minmay_the_grid_square_5x5_prize_rear_guard,
          minmay_the_grid_square_5x5_prize_itemx,
          minmay_the_grid_square_5x5_checkered,
          minmay_the_grid_square_5x5_three_walls,
          minmay_the_grid_square_5x5_prize_deathbox,
          minmay_the_grid_square_5x5_prize_gold,
          minmay_the_grid_square_5x5_three_small,
          minmay_the_grid_square_5x5_slash,
          minmay_the_grid_square_5x5_six_small,
          minmay_the_grid_square_5x5_tri_point,
          minmay_the_grid_square_5x5_sharp_hourglass], layout_gridville,
          grunt_pan_entry_sceptre, hell_entry, nicolae_twisty_statue_hallways,
          infiniplex_staircase_zigzag_3

Skill      XL: |  1  2  3  4  5  6  7  8  9 10 11 12 13 14 15 16 17 18 19 20 21 22 |
---------------+-------------------------------------------------------------------+-----
Dodging        | 11 12 13 14 15 16 17 18 | 18.5
Invocations    | 1 2 3 4 5 6 7 8 10 11 13 15 16 17 18 19 20 | 20.9
Short Blades   | 1 2 3 5 6 7 8 9 10 11 12 13 14 15 | 15.8
Axes           | 1 2 3 5 6 7 8 9 10 11 12 13 14 15 | 15.8
Maces & Flails | 1 2 3 5 6 7 8 9 10 11 12 13 14 15 | 15.8
Polearms       | 1 2 3 5 6 7 8 9 10 11 12 13 14 15 | 15.8
Staves         | 1 2 3 5 6 7 8 9 10 11 12 13 14 15 | 15.8
Ranged Weapons | 1 2 3 5 6 7 8 9 10 11 12 13 14 15 | 15.8
Throwing       | 1 2 3 5 6 7 8 9 10 11 12 13 14 15 | 15.8
Armour         | 1 2 3 5 6 7 8 9 10 11 12 13 14 15 | 15.8
Stealth        | 1 2 3 5 6 7 8 9 10 11 12 13 14 15 | 15.8
Shields        | 1 2 3 5 6 7 8 9 10 11 12 13 14 15 | 15.8
Unarmed Combat | 1 2 3 5 6 7 8 9 10 11 12 13 14 15 | 15.8
Spellcasting   | 1 2 3 5 6 7 8 9 10 11 12 13 14 15 | 15.8
Evocations     | 1 2 3 5 6 7 8 9 10 11 12 13 14 15 | 15.8
Shapeshifting  | 1 2 3 4 5 6 7 8 9 10 11 12 13 14 | 14.6
Conjurations   | 1 2 3 4 5 6 7 8 9 10 11 12 13 | 13.5
Hexes          | 1 2 3 4 5 6 7 8 9 10 11 12 13 | 13.5
Summonings     | 1 2 3 4 5 6 7 8 9 10 11 12 13 | 13.5
Necromancy     | 1 2 3 4 5 6 7 8 9 10 11 12 13 | 13.5
Translocations | 1 2 3 4 5 6 7 8 9 10 11 12 13 14 | 14.1
Fire Magic     | 1 2 3 4 5 6 7 8 9 10 11 12 13 | 13.5
Ice Magic      | 1 2 3 4 5 6 7 8 9 10 11 12 13 | 13.5
Air Magic      | 1 2 3 4 5 6 7 8 9 10 11 12 13 | 13.5
Earth Magic    | 1 2 3 4 5 6 7 8 9 10 11 12 13 | 13.5
Alchemy        | 1 2 3 4 5 6 7 8 9 10 11 12 13 | 13.5
Long Blades    | 5 6 7 8 9 10 11 12 13 14 15 16 | 16.4
Fighting       | 7 8 9 10 11 12 13 14 15 16 17 | 17.0

Action                     |  1- 3 |  4- 6 |  7- 9 | 10-12 | 13-15 | 16-18 | 19-21 | 22-24 || total
---------------------------+-------+-------+-------+-------+-------+-------+-------+-------++-------
  Melee: Falchion          |   103 |   217 |   554 |       |       |       |       |       ||   874
         Bite              |     6 |    19 |    93 |    29 |   116 |   209 |   258 |    81 ||   811
         Punch             |     1 |     4 |    17 |       |       |       |       |       ||    22
         Double sword      |       |       |    23 |   343 |   817 |  1257 |  1301 |   429 ||  4170
         Broad axe         |       |       |       |       |    17 |       |       |       ||    17
         Unarmed           |       |       |       |       |    22 |       |     6 |       ||    28
         Scimitar          |       |       |       |       |       |       |       |     7 ||     7
   Fire: Sling             |       |       |       |       |       |   243 |    23 |       ||   266
         Hand cannon       |       |       |       |       |       |       |    32 |     4 ||    36
  Throw: Javelin           |       |     3 |    13 |       |    21 |       |     7 |       ||    44
   Cast: Summon Lightning  |       |       |       |       |     2 |       |       |       ||     2
         Yara's Violent Un |       |       |       |       |     1 |    48 |   102 |    47 ||   198
         Blink             |       |       |       |       |     1 |    16 |    11 |     8 ||    36
         Mephitic Cloud    |       |       |       |       |     1 |     2 |     1 |     3 ||     7
         Iskenderun's Myst |       |       |       |       |       |    13 |       |       ||    13
         Metabolic Englaci |       |       |       |       |       |    61 |    68 |    21 ||   150
         Passage of Golubr |       |       |       |       |       |       |     1 |       ||     1
         Ignite Poison     |       |       |       |       |       |       |       |     3 ||     3
 Invoke: Divine Vigour     |       |       |       |       |     3 |     4 |     1 |       ||     8
         Heal Self         |       |       |       |       |       |     7 |     2 |       ||     9
         Purification      |       |       |       |       |       |     6 |       |       ||     6
  Evoke: Wand              |       |       |     1 |     8 |       |       |     5 |       ||    14
    Use: Scroll            |       |     7 |     2 |    11 |     7 |    11 |     7 |       ||    45
         Potion            |       |       |     2 |       |     2 |     7 |     1 |       ||    12
   Stab: Sleeping          |     1 |     5 |     1 |    10 |    16 |    10 |    28 |    10 ||    81
         Distracted        |       |       |     2 |     1 |     1 |     3 |     7 |     6 ||    20
         Held in net/web   |       |       |     3 |       |       |       |       |       ||     3
         Petrified         |       |       |       |       |     1 |       |       |       ||     1
         Confused          |       |       |       |       |     6 |     2 |     1 |       ||     9
         Paralysed         |       |       |       |       |       |       |     1 |       ||     1
         Invisible         |       |       |       |       |       |       |       |     5 ||     5
 Armour: Leather armour    |    29 |    57 |    84 |       |       |       |       |       ||   170
         Swamp dragon scal |       |       |   140 |   182 |   501 |  1071 |   440 |   243 ||  2577
         Skin              |       |       |       |       |     2 |       |       |       ||     2
  Dodge: Dodged            |    65 |   208 |   471 |   222 |   593 |  1163 |   405 |   214 ||  3341
  Block: Buckler           |       |       |       |   110 |   476 |  1042 |       |       ||  1628
         Reflection        |       |       |       |       |    18 |    30 |    98 |    21 ||   167
         Other             |       |       |       |       |     2 |       |     3 |       ||     5
         Tower shield      |       |       |       |       |       |    67 |  1634 |   581 ||  2282
